 Dungeon Crawl Stone Soup version 0.27.0-1-g7a089689b8 (webtiles) character file.

Game seed: 15904204241463839872

46 horus123 the Skirmisher (level 3, 0/30 HPs)
             Began as a Human Chaos Knight on Aug 2, 2021.
             Was a Plaything of Xom.
             Slain by a gnoll (3 damage)
             ... on level 2 of the Dungeon.
             The game lasted 00:04:14 (1664 turns).

horus123 the Skirmisher (Human Chaos Knight)        Turns: 1664, Time: 00:04:15

Health: 0/30       AC:  5    Str: 13    XL:     3   Next: 92%
Magic:  0/3        EV:  6    Int: 12    God:    Xom [..*...]
Gold:   41         SH: 11    Dex: 12    Spells: 2/2 levels left

rFire    . . .     SeeInvis .   a - +0 short sword (chaos)
rCold    . . .     Faith    .   c - +1 tower shield
rNeg     . . .     Spirit   +   b - +2 leather armour
rPois    .         Reflect  .   (no helmet)
rElec    .         Harm     .   (no cloak)
rCorr    .         Rampage  .   (no gloves)
Will     .....                  (no boots)
Stlth    +.........             h - amulet of guardian spirit
HPRegen  0.10/turn              (no ring)
MPRegen  0.08/turn              (no ring)

@: no status effects
A: no striking features
a: Renounce Religion


You were on level 2 of the Dungeon.
You worshipped Xom.
You were a toy of Xom.
You visited 1 branch of the dungeon, and saw 2 of its levels.

You collected 41 gold pieces.

Inventory:

Hand Weapons
 a - a +0 short sword of chaos (weapon)
 f - a +2 hand axe of venom
 i - a +1 spectral quarterstaff
Armour
 b - a +2 leather armour (worn)
 c - a +1 tower shield (worn)
Jewellery
 h - an amulet of guardian spirit (around neck)
Scrolls
 e - a scroll of fog
 j - a scroll of vulnerability {unknown}
Potions
 d - a potion of might
 g - 2 potions of curing {unknown}


   Skills:
 + Level 3.7 Fighting
 + Level 3.4 Short Blades
 + Level 2.2 Armour
 + Level 1.1 Dodging
 + Level 0.7 Stealth
 + Level 0.4 Shields


You had 2 spell levels left.
You didn't know any spells.
Your spell library was empty.

Dungeon Overview and Level Annotations

Branches:
Dungeon (2/15)

Altars:


Message History

A kobold comes into view. It is wielding a +0 dagger.
The kobold shouts!
The kobold hits you but does no damage.
You hit the kobold. You burn the kobold.
You kill the kobold!
You see here a +0 dagger. 3 gnolls come into view.
The gnoll shouts! x3
The gnoll moves out of view.
You barely miss the gnoll. You block the gnoll's attack. x2
You hit the gnoll but do no damage.
The gnoll goes berserk!
You block the gnoll's attack. The gnoll hits you with a +0 club.
The gnoll hits you with a +0 whip.
You hit the gnoll. You drain the gnoll.
The gnoll is moderately wounded.
You block the gnoll's attack.
The gnoll hits you but does no damage. x2
You block the gnoll's attack.
You hit the gnoll.
The gnoll suddenly seems more agile.
Xom thinks this is hilarious!
The gnoll is severely wounded.
You block the gnoll's attack. The gnoll hits you with a +0 club.
You block the gnoll's attack.
You hit the gnoll but do no damage.
The gnoll is severely wounded.
You block the gnoll's attack. x2; The gnoll hits you with a +0 whip!
The gnoll hits you with a +0 club.
You barely miss the gnoll.
The gnoll is severely wounded.
You block the gnoll's attack. The gnoll hits you with a +0 whip!
* * * LOW HITPOINT WARNING * * *
You block the gnoll's attack. x2
You closely miss the gnoll.
The gnoll is severely wounded.
The gnoll barely misses you. x2; You block the gnoll's attack. x2
You barely miss the gnoll.
The gnoll is severely wounded.
The gnoll barely misses you. You block the gnoll's attack.
The gnoll hits you with a +0 club.
You die...
Xom giggles madly!

#..###.##.##.....##.#
#......##.#####..##.#
##.######.####...>..#
###.####
#.†......####
#......# ###....#.#
#.#.##.#####.#....#
#.#.......##....###
#.####g##.......#
#...gg@#####...##
...###### #...# #...#
#...# #..)#######
#.........#
####....####.##
..............#
...............#


You could see 3 gnolls.

Vanquished Creatures
  2 dart slugs
  5 ball pythons (D:1)
  6 endoplasms
  2 giant cockroaches (D:1)
  3 goblins (D:1)
  3 hobgoblins
  2 jackals (D:1)
  3 quokkas (D:1)
  A bat (D:1)
  2 frilled lizards (D:1)
  6 kobolds
  A rat (D:1)
36 creatures vanquished.

Notes
Turn   | Place    | Note
-------+----------+-------------------------------------------
     0 | D:1      | horus123 the Human Chaos Knight began the quest for the
                  | Orb.
     0 | D:1      | Reached XP level 1. HP: 18/18 MP: 1/1
    27 | D:1      | XOM: silly message
    56 | D:1      | Reached XP level 2. HP: 4/24 MP: 2/2
   204 | D:1      | XOM: silly message
   362 | D:1      | XOM: silly message
   577 | D:1      | XOM: smoke on damage
   679 | D:1      | Reached XP level 3. HP: 29/29 MP: 3/3
   948 | D:1      | XOM: divination: magic mapping
  1664 | D:2      | Slain by a gnoll

Illustrated notes

Levels and vault maps discovered:
D:1:      shiori_arrival_elements, layout_rooms, chequers_serial_rivers_room_b
D:2:      layout_loops_cross, shapermc_ecumenical_altar_notcrosses

Action                   || total
-------------------------++-------
Melee: Short sword       ||   128
  Use: Scroll            ||     3
 Stab: Paralysed         ||     2
       Sleeping          ||     1
Armor: Leather armour    ||    56
Dodge: Dodged            ||    60
Block: Tower shield      ||    69
